 Dungeon Sprint DCSS version 0.23.2-1-ga50397a6bc (webtiles) character file.

Game seed: 13863645144413724310

1379 Ikoden the Grappler (level 8, -3/62 HPs)
             Began as a White Draconian Transmuter on May 15, 2019.
             Was a Believer of Yredelemnul.
             Slain by a four-headed hydra (16 damage)
             ... in the Dungeon (Sprint IX: "|||||||||||||||||||||||||||||").
             The game lasted 00:02:53 (924 turns).

Ikoden the Grappler (White Draconian Transmuter)     Turns: 924, Time: 00:02:53

Health: -3/62      AC:  2    Str: 14    XL:     8   Next: 39%
Magic:  16/18      EV: 25    Int: 15    God:    Yredelemnul [**....]
Gold:   0          SH:  0    Dex: 16    Spells: 13/21 levels left

rFire    . . .     SeeInvis .     - Unarmed
rCold    . . .     Gourm    .   (shield currently unavailable)
rNeg     . . .     Faith    .   (armour unavailable)
rPois    x         Spirit   .   (helmet currently unavailable)
rElec    .         Reflect  .   (cloak currently unavailable)
rCorr    .         Harm     .   (gloves currently unavailable)
MR       .....     NoTele   +   (boots currently unavailable)
Stlth    +++.......             (no amulet)
HPRegen  0.20/turn              (no ring)
MPRegen  0.16/turn              (no ring)

@: spider-form (expiring)
A: tiny, (breathe frost), unfitting armour, AC +6
a: End Transformation, Animate Remains, Recall Undead Slaves, Injury Mirror,
Renounce Religion


You were in the Dungeon.
You worshipped Yredelemnul.
Yredelemnul was pleased with you.
You were not hungry.
You were a venomous arachnid creature.
You visited 1 branch

Inventory:

Missiles
 a - 12 arrows
Jewellery
 m - a +3 ring of strength
Wands
 l - a wand of acid (10)
Scrolls
 i - 2 scrolls of blinking
 j - 3 scrolls of remove curse
 k - 2 scrolls of amnesia
Potions
 b - a potion of invisibility
 d - 4 potions of curing
 f - a potion of haste
 g - 4 potions of magic
 h - a potion of berserk rage


   Skills:
 + Level 2.6 Fighting
 + Level 6.7 Dodging
 + Level 3.6 Stealth
 + Level 13.3 Unarmed Combat
 + Level 7.1 Spellcasting
 + Level 6.7 Transmutations
 + Level 1.3 Poison Magic
 + Level 0.4 Invocations


You had 13 spell levels left.
You knew the following spells:

 Your Spells              Type           Power        Failure   Level  Hunger
a - Beastly Appendage     Tmut           ####..       4%          1    None
b - Spider Form           Tmut/Pois      ###.......   21%         3    ##.....
c - Ice Form              Ice/Tmut       ###.....     54%         4    ####...

Your spell library contained the following spells:

 Spells                   Type           Power        Failure   Level  Hunger
 Sticks to Snakes         Tmut           ####....     6%          2    None
 Blade Hands              Tmut           ####......   45%         5    #####..


Dungeon Overview and Level Annotations

Branches:
Dungeon (1/1)

Altars:
Cheibriados
Dithmenos
Elyvilon
Fedhas
Gozag
Hepliaklqana
Kikubaaqudgha
Makhleb
Nemelex Xobeh
Okawaru
Qazlal
Ru
Sif Muna
Trog
Uskayaw
Vehumet
Wu Jian
Xom
Yredelemnul
Zin
The Shining One
Beogh
Jiyva
Lugonu


Innate Abilities, Weirdness & Mutations

((You can breathe waves of freezing cold.))
((You can buffet flying creatures when you breathe cold.))
((Your icy white scales are hard. (AC +6)))
You cannot fit into any form of body armour.
((Your flesh is cold resistant. (rC+)))
((You are cold-blooded and may be slowed by cold attacks.))


Message History

Your Stealth skill increases to level 3!
Your Unarmed Combat skill increases to level 13!
Your Spellcasting skill increases to level 7!
Your Poison Magic skill increases to level 1!
You have reached level 8!
You feel stronger.
Things that are here:
a +0 dagger; a +0 robe You remove your +2 ring of evasion.
The four-headed hydra misses you. The four-headed hydra bites you!
* * * LOW HITPOINT WARNING * * *
The four-headed hydra misses you.
The four-headed hydra closely misses you.
You drop a +2 ring of evasion.
The four-headed hydra closely misses you.
The four-headed hydra barely misses you.
The four-headed hydra completely misses you.
The four-headed hydra bites you!
You die...
Your body rises from the dead as a mindless zombie. ▓▓▓▓▓▓▓▓▓▓▓▓▓▓▓▓▓▓▓▓▓▓▓▓▓▓▓▓ ____'..|)[[[..'.sDoyFZ...... ▓▓▓▓▓▓▓▓▓▓▓▓▓▓▓▓▓▓▓▓▓▓▓▓▓▓▓▓

You could see a four-headed hydra, an orc warrior, a bullfrog, a killer bee and a bat skeleton.

Vanquished Creatures
  A two-headed ogre (D)
  An ogre (D)
  A phantom (D)
  A crimson imp (D)
  An orc wizard (D)
  An iguana (D)
  A worker ant (D)
  A shadow imp (D)
  An adder skeleton (D)
  A giant cockroach (D)
  A hobgoblin (D)
  A kobold (D)
  2 quokkas (D)
  2 bats (D)
16 creatures vanquished.

Vanquished Creatures (others)
  An unseen horror (D)
  An iguana zombie (D)
2 creatures vanquished.

Grand Total: 18 creatures vanquished

Notes
Turn   | Place    | Note
-------+----------+-------------------------------------------
     0 | D        | Ikoden the Draconian Transmuter began the quest for the
                  | Orb.
     0 | D        | Reached XP level 1. HP: 16/16 MP: 3/3
   327 | D        | Noticed an ogre
   327 | D        | Noticed a worker ant
   327 | D        | Noticed a crimson imp
   333 | D        | Killed an ogre
   333 | D        | Reached skill level 6 in Unarmed Combat
   333 | D        | Reached XP level 2. HP: 23/23 MP: 2/6
   333 | D        | Reached XP level 3. HP: 28/28 MP: 2/8
   333 | D        | Reached XP level 4. HP: 35/35 MP: 2/9
   348 | D        | Reached skill level 7 in Unarmed Combat
   355 | D        | Reached skill level 8 in Unarmed Combat
   355 | D        | Reached XP level 5. HP: 15/40 MP: 3/11
   373 | D        | Learned a level 3 spell: Spider Form
   590 | D        | Found a roughly hewn altar of Beogh.
   590 | D        | Found a snail-covered altar of Cheibriados.
   590 | D        | Found a shadowy altar of Dithmenos.
   590 | D        | Found a white marble altar of Elyvilon.
   590 | D        | Found a blossoming altar of Fedhas.
   590 | D        | Found an opulent altar of Gozag.
   591 | D        | Found a hazy altar of Hepliaklqana.
   592 | D        | Found a viscous altar of Jiyva.
   593 | D        | Found an ancient bone altar of Kikubaaqudgha.
   594 | D        | Found a corrupted altar of Lugonu.
   595 | D        | Found a burning altar of Makhleb.
   596 | D        | Found a sparkling altar of Nemelex Xobeh.
   597 | D        | Found an iron altar of Okawaru.
   598 | D        | Found a stormy altar of Qazlal.
   599 | D        | Found a sacrificial altar of Ru.
   600 | D        | Found a deep blue altar of Sif Muna.
   601 | D        | Found a bloodstained altar of Trog.
   602 | D        | Found a hide-covered altar of Uskayaw.
   603 | D        | Found a radiant altar of Vehumet.
   604 | D        | Found an ornate altar of the Wu Jian Council.
   605 | D        | Found a shimmering altar of Xom.
   606 | D        | Found a basalt altar of Yredelemnul.
   607 | D        | Found a glowing silver altar of Zin.
   608 | D        | Found a glowing golden altar of the Shining One.
   616 | D        | Became a worshipper of Yredelemnul the Dark
   638 | D        | Noticed a phantom
   646 | D        | Killed an unseen horror
   646 | D        | Reached skill level 5 in Dodging
   646 | D        | Reached skill level 11 in Unarmed Combat
   646 | D        | Reached skill level 5 in Transmutations
   646 | D        | Reached XP level 6. HP: 39/48 MP: 6/15
   646 | D        | Your scales start taking on an icy white colour.
   646 | D        | Reached XP level 7. HP: 44/55 MP: 6/16
   646 | D        | Gained mutation: Your flesh is cold resistant. (rC+) [White
                  | Draconian growth]
   658 | D        | Reached * piety under Yredelemnul
   658 | D        | Reached skill level 12 in Unarmed Combat
   895 | D        | Noticed a two-headed ogre
   895 | D        | Noticed a four-headed hydra
   903 | D        | Learned a level 4 spell: Ice Form
   921 | D        | Killed a two-headed ogre
   921 | D        | Reached ** piety under Yredelemnul
   921 | D        | Reached skill level 13 in Unarmed Combat
   921 | D        | Reached skill level 1 in Poison Magic
   921 | D        | Reached XP level 8. HP: 29/62 MP: 16/18
   924 | D        | Slain by a four-headed hydra

Skill      XL: |  1  2  3  4  5  6  7 |
---------------+----------------------+-----
Dodging        | 3 5 6 |  6.7
Unarmed Combat | 6 8 11 13 | 13.3
Spellcasting   | 3 4 6 7 |  7.1
Transmutations | 3 4 5 6 |  6.7
Fighting       | 2 |  2.6
Stealth        | 2 3 |  3.6
Poison Magic   | 1 |  1.3
Invocations    | |  0.4

Action                   |  1- 3 |  4- 6 |  7- 9 || total
-------------------------+-------+-------+-------++-------
Melee: Unarmed           |    31 |    36 |    23 ||    90
       Headbutt          |     2 |     2 |       ||     4
       Tailslap          |     2 |     2 |       ||     4
       Punch             |       |     1 |       ||     1
       Kick              |       |     1 |       ||     1
 Cast: Beastly Appendage |     2 |     1 |       ||     3
       Spider Form       |       |     1 |     2 ||     3
Invok: Animate Remains   |       |       |     1 ||     1
 Abil: Breathe Frost     |       |       |     1 ||     1
  Use: Potion            |       |     2 |     2 ||     4
  Eat: Ration            |       |       |     1 ||     1
Armor: Skin              |    11 |     6 |     1 ||    18
Dodge: Dodged            |    23 |    29 |    36 ||    88
